 Dungeon Crawl Stone Soup version 0.29-a0-284-gf9362112df (webtiles) character file.

Game seed: 12826728638272247849

5383 spaghetti the Contemplative (level 10, -22/74 HPs)
             Began as a Demonspawn Transmuter on Mar 24, 2022.
             Was a Priest of Cheibriados.
             Killed by the air
             ... invoked by Gastronok
              (31 damage)
             ... on level 9 of the Dungeon.
             The game lasted 00:23:13 (7700 turns).

spaghetti the Contemplative (Demonspawn Transmuter) Turns: 7700, Time: 00:23:14

Health: -22/74     AC:  2    Str: 25    XL:     10   Next: 39%
Magic:  20/21      EV: 20    Int: 26    God:    Cheibriados [***...]
Gold:   623        SH:  0    Dex: 27    Spells: 1/13 levels left

rFire   . . .      SeeInvis .     - Unarmed
rCold   . . .      Faith    .   (shield currently unavailable)
rNeg    . . .      Spirit   .   (body armour currently unavailable)
rPois   x          Reflect  .   (helmet currently unavailable)
rElec   .          Harm     .   (cloak currently unavailable)
rCorr   .          Rampage  .   (gloves currently unavailable)
Will    .....                   (boots currently unavailable)
Stlth   ++........              j - amulet of regeneration {@e2}
HPRegen 1.02/turn               n - +6 ring of strength
MPRegen 0.17/turn               (no ring)

@: mighty, spider-form (expiring), wereblooded, unable to read, very slow
A: venomous fangs, tiny, (hooves 1), rugged brown scales 2, ignite blood 3,
powered by pain 1, high MP 1, robust 1, inability to read while threatened
a: End Transformation, Renounce Religion, Bend Time, Temporal Distortion


You were on level 9 of the Dungeon.
You worshipped Cheibriados.
Cheibriados was most pleased with you.
You were a venomous arachnid creature.
You visited 1 branch of the dungeon, and saw 9 of its levels.

You collected 623 gold pieces.


Innate Abilities, Weirdness & Mutations

You are a venomous arachnid creature.
You have poisonous fangs.
You are tiny and dextrous.
Your spellcasting is less reliable in this form.
Your armour is entirely melded.
You are incapable of wielding weapons or throwing items.
((You have large cloven feet.))
(You are mostly covered in rugged brown scales. (AC +2, +5% HP))
Your demonic aura causes all spilled blood to erupt in flames.
You sometimes gain a little power by taking damage.
You have an increased reservoir of magic. (+10% MP)
You are robust. (+10% HP)
You sometimes lose the ability to read scrolls when taking damage.


   Skills:
 - Level 1.0 Fighting
 - Level 1.1 Maces & Flails
 - Level 1.7 Dodging
 - Level 2.0 Shields
 + Level 4.2 Unarmed Combat
 - Level 2.0 Spellcasting
 + Level 8.2 Transmutations
 * Level 6.5 Earth Magic
 + Level 12.3 Invocations


You had one spell level left.
You knew the following spells:

 Your Spells              Type           Power      Damage    Failure   Level
a - Beastly Appendage     Tmut           90%        N/A       3%          1
b - Wereblood             Tmut           45%        N/A       3%          2
c - Spider Form           Tmut/Pois      24%        N/A       17%         3
d - Statue Form           Tmut/Erth      27%        N/A       80%         6

Your spell library contained the following spells:

 Spells                   Type           Power      Damage    Failure   Level
 Animate Skeleton         Necr           4%         N/A       26%         1
 Apportation              Tloc           4%         N/A       26%         1
 Summon Small Mammal      Summ           8%         N/A       26%         1
 Sublimation of Blood     Necr           2%         N/A       34%         2
 Ice Form                 Ice/Tmut       24%        N/A       38%         4
 Airstrike                Air            1%         N/A       87%         4
 Summon Hydra             Summ           1%         N/A       100%        7
 Borgnjor's Revivificati  Necr           1%         N/A       100%        8
 Lehudib's Crystal Spear  Conj/Erth      9%         10d4      100%        8
 Necromutation            Tmut/Necr      12%        N/A       100%        8
 Death's Door             Necr           1%         N/A       100%        9

Inventory:

Hand Weapons
 c - a +0 dagger {short}
   (You took it off a goblin on level 1 of the Dungeon)
 g - a +0 short sword {short}
   (You took it off a kobold on level 1 of the Dungeon)
 i - a +1 dagger of speed {short}
   (You took it off a goblin on level 1 of the Dungeon)
 k - a +3 whip of protection {mace}
   (You took it off an orc on level 3 of the Dungeon)
 l - a +1 whip of electrocution {mace}
   (You took it off a kobold on level 1 of the Dungeon)
 F - a +0 spear of distortion {!wpolearm}
   (You took it off a gnoll on level 5 of the Dungeon)
Missiles
 d - 158 stones (quivered) {throwing}
 w - 18 poisoned darts {throwing}
 G - 2 throwing nets {=f!fthrowing}
Armour
 a - the +2 leather armour of the Iron City of Dis {rF+ rCorr Slay+2}
   (You found it on level 9 of the Dungeon)

   Slay:      It affects your accuracy & damage with ranged weapons and melee
   (+2).
   rF:        It protects you from fire.
   rCorr:     It protects you from acid and corrosion.
 b - +2 steam dragon scales (melded)
   (You took it off Maggie on level 6 of the Dungeon)
 h - a +0 buckler (melded)
   (You found it on level 1 of the Dungeon)
 m - a +0 helmet (melded)
   (You found it on level 1 of the Dungeon)
 A - a +0 robe of the Archmagi
   (You took it off an orc wizard on level 9 of the Dungeon)
 H - a +1 pair of gloves (melded)
   (You found it on level 5 of the Dungeon)
Magical Staves
 t - a staff of cold {!astaff}
   (You found it on level 7 of the Dungeon)
Jewellery
 j - an amulet of regeneration (around neck) {@e2}
   (You found it on level 1 of the Dungeon)
 n - a +6 ring of strength (left front leg)
   (You found it on level 2 of the Dungeon)
Wands
 f - a wand of acid (12)
   (You took it off an orc on level 8 of the Dungeon)
 p - a wand of iceblast (5)
   (You found it on level 5 of the Dungeon)
 r - a wand of polymorph (6)
   (You took it off a centaur on level 8 of the Dungeon)
 x - a wand of digging (3)
   (You found it on level 3 of the Dungeon)
 z - a wand of paralysis (10)
   (You found it on level 3 of the Dungeon)
Scrolls
 e - 2 scrolls of teleportation {@r4}
 o - 2 scrolls of magic mapping {!r}
 u - a scroll of amnesia
 y - a scroll of vulnerability {!r!r}
 D - 2 scrolls of enchant weapon
Potions
 q - a potion of attraction {!q}
 v - a potion of flight
 B - a potion of mutation {!q}

Dungeon Overview and Level Annotations

Branches:
Dungeon (9/15)             Temple (0/1) D:6
   Lair: D:8-11         Orc: D:9-12

Altars:
Cheibriados
Nemelex Xobeh
Qazlal
Ru
Trog
Xom
Yredelemnul
The Shining One

Annotations:
D:7 3 runed translucent doors, Patoropollo's ghost, novice FoFi; gzilladon's ghost, novice MfIE
D:9 Gastronok

###'####
##+########
#.## #..#
##.## #..#
###>##
#....#######
#...........
#...s#######
#..w.#
#....#
##.### ..
..# #.# #.


You could see Gastronok (extremely poisoned).


Message History

Done waiting.
Things that are here:
a killer bee corpse; a killer bee corpse
d - 157 stones {throwing} (gained 1)
d - 158 stones {throwing} (gained 1)
You open the door.
There is an open door here.
You now have 623 gold pieces (gained 18).
Key pressed, stopping explore.
As you open the door, it creaks loudly!
There is an open door here.
You open the door.
There is an open door here.
You open the door.
Found a stone staircase leading down.
There is an open door here.
There is a stone staircase leading down here.
Gastronok the Ponderous comes into view.
He is wearing a +0 hat of stealth.
Casting: Wereblood (safe; 1% risk of failure)
Confirm with . or Enter, or press ? or * to list all spells.
Your blood is infused with primal strength.
Gastronok gurgles horribly! 😎 MP[-2]
You lost 2 mp, and now have 19/21 mp.
Casting: Wereblood (safe; 1% risk of failure)
Confirm with . or Enter, or press ? or * to list all spells.
You turn into a venomous arachnid creature.
Your +0 helmet melds into your body.
Your +1 pair of gloves melds into your body.
Your +0 buckler melds into your body.
Your +2 steam dragon scales melds into your body. 😎 MP[-3]
You lost 3 mp, and now have 16/21 mp.
You warp the flow of time around you! 😎 MP[-4]
You lost 4 mp, and now have 12/21 mp.
Unknown command.
Unknown command.
You warp the flow of time around you! 😎 MP[-4]
You lost 4 mp, and now have 8/21 mp.
Gastronok barely misses you.
You bite Gastronok!
Gastronok is poisoned.
Gastronok bites you but does no damage. 😎 MP[+1]
You bite Gastronok!
Gastronok looks as sick as possible!
You hit Gastronok.
Gastronok looks as sick as possible!
Gastronok waves his eye-stalks in wide circles.
The air twists around and strikes you!!
You focus on the pain.
You feel very mighty all of a sudden. 😮 HP[-34]
You take 34 damage, and now have 40/74 hp.
MASSIVE DAMAGE!! (PAUSE)
You feel much better. 😕 HP[+20]
You regained 20 hp, and now have 60/74 hp.
You bite Gastronok!
Gastronok looks as sick as possible!
Gastronok closely misses you. 😕 HP[+2]
You regained 2 hp, and now have 62/74 hp.
You bite Gastronok!
Gastronok looks as sick as possible!
Your transformation is almost over.
You bite Gastronok!
Gastronok looks as sick as possible!
Gastronok makes a strange noise.
Gastronok waves his eye-stalks in wide circles.
The air twists around and strikes you!!
You feel threatened and lose the ability to read scrolls!
* * * LOW HITPOINT WARNING * * *
You focus on the pain.
You feel your power returning. 😨 HP[-29] MP[+11]
You take 29 damage, and now have 33/74 hp.
MASSIVE DAMAGE!! (PAUSE)
You regained 11 mp, and now have 20/21 mp.
Okay, then.
You cannot read scrolls in your current state!
You bite Gastronok!
Gastronok looks as sick as possible! 😨 HP[+1] Unknown command.
You bite Gastronok!
Gastronok looks as sick as possible! 😨 HP[+1]
You hit Gastronok.
Gastronok waves his eye-stalks in wide circles.
The air twists around and strikes you!!
* * * LOW HITPOINT WARNING * * *
😱 HP[-28]
You take 28 damage, and now have 7/74 hp.
MASSIVE DAMAGE!! (PAUSE)
Aiming: Iceblast
Press: ? - help, Shift-Dir - straight line
Okay, then.
Okay, then.
You cannot read scrolls in your current state!
Unknown command.
You hit Gastronok.
Gastronok looks as sick as possible! 😱 HP[+1] Unknown command.
You bite Gastronok!
Gastronok looks as sick as possible!
Gastronok waves his eye-stalks in wide circles.
The air twists around and strikes you!!
You die...

Skill      XL: |  1  2  3  4  5  6  7  8  9 10 |
---------------+-------------------------------+-----
Transmutations | 2 3 4 5 7 8 |  8.2
Shields        | 1 2 |  2.0
Maces & Flails | 1 |  1.1
Invocations    | 4 7 8 10 11 12 | 12.3
Earth Magic    | 2 5 6 |  6.5
Unarmed Combat | 3 4 |  4.2
Fighting       | |  1.0
Dodging        | |  1.7
Spellcasting   | |  2.0

Action                   |  1- 3 |  4- 6 |  7- 9 | 10-12 || total
-------------------------+-------+-------+-------+-------++-------
Melee: Unarmed           |    17 |       |    58 |    65 ||   140
       Short sword       |     5 |       |       |       ||     5
       Kick              |    13 |     4 |    15 |     5 ||    37
       Headbutt          |     6 |     1 |     7 |     4 ||    18
       Dagger            |    19 |       |       |       ||    19
       Whip              |    56 |   134 |   199 |       ||   389
Throw: Stone             |       |    84 |   103 |     6 ||   193
 Cast: Beastly Appendage |    18 |     2 |     4 |     1 ||    25
       Wereblood         |     1 |    10 |    24 |     5 ||    40
       Spider Form       |       |       |    10 |     4 ||    14
Invok: Bend Time         |       |     1 |     3 |     1 ||     5
       Temporal Distorti |       |       |    11 |     3 ||    14
 Abil: End Transformatio |       |       |     1 |       ||     1
Evoke: Wand              |       |       |     7 |       ||     7
  Use: Scroll            |       |     3 |    11 |       ||    14
       Potion            |       |     1 |    13 |     2 ||    16
 Stab: Paralysed         |       |       |     9 |       ||     9
Armor: Robe              |    26 |    42 |    20 |       ||    88
       Skin              |       |       |    17 |     2 ||    19
       Plate armour      |       |       |    85 |       ||    85
       Steam dragon scal |       |       |    23 |    22 ||    45
Dodge: Dodged            |    73 |    86 |   209 |    57 ||   425
Block: Buckler           |    17 |    39 |    49 |     5 ||   110

Levels and vault maps discovered:
D:1:      eino_arrival_tree_alley, layout_rooms, serial_bayou,
          serial_bayou_pond_d, serial_bayou_lake_a, serial_bayou_ford_a,
          serial_bayou_pond_e, hangedman_decor_diamond_cutter, hex_tiny,
          nrook_campfire
D:2:      layout_rooms, nicolae_ecumenical_snake_handling
D:3:      layout_loops_ring, lemuel_round_altar, minmay_misc_feat_plants,
          uniq_sigmund
D:4:      layout_gridville, mainiacjoe_overflow_surrounded_room,
          grunt_qazlal_clouds, minmay_misc_feat_secret_circle,
          kennysheep_nondescript, corexii_item_surrounded_by_moat, st_stairs_3,
          grunt_decor_cap
D:5:      layout_rooms, mainiacjoe_overflow_concentric_impassable,
          lemuel_tele_altar
D:6:      layout_layer_cave, general_overflow_altar, minmay_temple_entry_hall,
          lightli_orcish_oven, uniq_maggie, uniq_duvessa
D:7:      layout_loops_cross, gammafunk_ghost_cemetery
D:8:      layout_rooms, nicolae_overflow_hidden_temple
D:9:      layout_roguey, lemuel_coloured_pillars_altar,
          okawaru_altar_gauntlet_db, serial_shops, shop_fountains,
          uniq_gastronok, uniq_grum, uniq_erolcha

Notes
Turn   | Place    | Note
-------+----------+-------------------------------------------
     0 | D:1      | spaghetti the Demonspawn Transmuter began the quest for the
                  | Orb.
     0 | D:1      | Reached XP level 1. HP: 15/15 MP: 3/3
     0 | D:1      | magus.rc [v1.9.6]
    75 | D:1      | Reached skill level 2 in Transmutations
   252 | D:1      | Gained mutation: You are partially covered in rugged brown
                  | scales. (AC +1, +3% HP) [demonic ancestry]
   252 | D:1      | Reached XP level 2. HP: 14/21 MP: 1/5
   756 | D:1      | Reached skill level 1 in Shields
   756 | D:1      | Reached XP level 3. HP: 26/26 MP: 4/6
   786 | D:1      | You pick up a book of Blood and begin reading...
   786 | D:1      | You add the spells Sublimation of Blood and Summon Hydra to
                  | your library.
  1251 | D:2      | Reached skill level 3 in Transmutations
  1314 | D:2      | Found a faded altar of an unknown god.
  1326 | D:2      | Reached skill level 1 in Maces & Flails
  1330 | D:2      | Prayed at the altar of an unknown god.
  1330 | D:2      | Became a worshipper of Cheibriados the Contemplative
  1330 | D:2      | Reached * piety under Cheibriados
  1387 | D:2      | Learned a level 2 spell: Wereblood
  1391 | D:2      | Learned a level 3 spell: Spider Form
  1435 | D:2      | Gained mutation: You are mostly covered in rugged brown
                  | scales. (AC +2, +5% HP) [demonic ancestry]
  1435 | D:2      | Reached XP level 4. HP: 26/33 MP: 3/7
  1612 | D:3      | Found a sparkling altar of Nemelex Xobeh.
  1831 | D:3      | Reached skill level 2 in Shields
  1886 | D:3      | You pick up a book of Cantrips and begin reading...
  1886 | D:3      | You add the spells Animate Skeleton, Summon Small Mammal
                  | and Apportation to your library.
  1909 | D:3      | Noticed Sigmund
  1947 | D:3      | Killed Sigmund
  1948 | D:3      | Reached skill level 4 in Transmutations
  1948 | D:3      | Reached skill level 4 in Invocations
  1948 | D:3      | Gained mutation: Your demonic aura sometimes causes spilled
                  | blood to erupt in flames. [demonic ancestry]
  1948 | D:3      | Reached XP level 5. HP: 38/38 MP: 3/8
  1968 | D:3      | Reached ** piety under Cheibriados
  2012 | D:3      | Gained mutation: You sometimes gain a little power by
                  | taking damage. [demonic ancestry]
  2012 | D:3      | Reached XP level 6. HP: 45/45 MP: 5/9
  2016 | D:3      | You pick up a book of Changes and begin reading...
  2017 | D:3      | magus.rc [v1.9.6]
  2037 | D:3      | Reached skill level 5 in Invocations
  2652 | D:4      | Reached skill level 6 in Invocations
  2788 | D:4      | Reached skill level 7 in Invocations
  2788 | D:4      | Gained mutation: Your demonic aura often causes spilled
                  | blood to erupt in flames. [demonic ancestry]
  2788 | D:4      | Reached XP level 7. HP: 48/50 MP: 12/12
  2980 | D:4      | Reached *** piety under Cheibriados
  3234 | D:4      | Found a sacrificial altar of Ru.
  3352 | D:4      | Found a stormy altar of Qazlal.
  3652 | D:5      | Entered Level 5 of the Dungeon
  3685 | D:5      | HP: 12/75 [ogre/+0 giant club (10)]
  3687 | D:5      | Reached skill level 8 in Invocations
  3690 | D:5      | Reached skill level 5 in Transmutations
  3770 | D:5      | Gained mutation: Your demonic aura causes all spilled blood
                  | to erupt in flames. [demonic ancestry]
  3770 | D:5      | Reached XP level 8. HP: 24/56 MP: 14/14
  3778 | D:5      | Reached skill level 9 in Invocations
  4062 | D:5      | Found a bloodstained altar of Trog.
  4138 | D:5      | You pick up a book of Blood and begin reading...
  4587 | D:5      | Reached skill level 6 in Transmutations
  4805 | D:6      | Gained mutation: Your body sometimes deteriorates upon
                  | taking damage. [potion of mutation]
  4809 | D:6      | Reached skill level 10 in Invocations
  4840 | D:6      | You add the spells Airstrike, Statue Form and Lehudib's
                  | Crystal Spear to your library.
  4840 | D:6      | Got the Incunabulum of Stones and Air
  5108 | D:6      | Reached skill level 1 in Earth Magic
  5144 | D:6      | Found a staircase to the Ecumenical Temple.
  5146 | D:6      | Noticed Maggie
  5157 | D:6      | Paralysed by Maggie for 2 turns
  5159 | D:6      | Killed Maggie
  5160 | D:6      | Reached skill level 7 in Transmutations
  5160 | D:6      | Reached skill level 2 in Earth Magic
  5160 | D:6      | Reached XP level 9. HP: 54/61 MP: 15/17
  5180 | D:6      | Learned a level 6 spell: Statue Form
  5240 | D:6      | Noticed Duvessa
  5244 | D:6      | Noticed Dowan
  5246 | D:6      | Killed Duvessa
  5255 | D:6      | Killed Dowan
  5457 | D:6      | Found a shimmering altar of Xom.
  5893 | D:7      | Reached skill level 3 in Earth Magic
  5898 | D:7      | Reached skill level 11 in Invocations
  5965 | D:7      | You add the spells Borgnjor's Revivification, Necromutation
                  | and Death's Door to your library.
  6036 | D:7      | Found a runed translucent gate.
  6036 | D:7      | Found a runed translucent gate.
  6043 | D:7      | Found a runed translucent gate.
  6230 | D:7      | Noticed gzilladon's ghost (novice MfIE)
  6230 | D:7      | Noticed Patoropollo's ghost (novice FoFi)
  6610 | D:8      | Reached skill level 4 in Earth Magic
  6864 | D:8      | Noticed a boulder beetle
  6875 | D:8      | HP: 14/61 [boulder beetle (27)]
  6899 | D:8      | Killed a boulder beetle
  6900 | D:8      | Reached skill level 3 in Unarmed Combat
  6900 | D:8      | Reached skill level 5 in Earth Magic
  6911 | D:8      | Gained mutation: You have large cloven feet. [demonic
                  | ancestry]
  6911 | D:8      | Reached XP level 10. HP: 57/68 MP: 18/18
  6957 | D:8      | Found a basalt altar of Yredelemnul.
  7211 | D:9      | Identified a +0 robe of the Archmagi
  7256 | D:9      | Noticed Erolcha
  7266 | D:9      | Killed Erolcha
  7267 | D:9      | Reached skill level 8 in Transmutations
  7267 | D:9      | Reached skill level 6 in Earth Magic
  7267 | D:9      | Reached skill level 12 in Invocations
  7336 | D:9      | Identified the +2 leather armour of the Iron City of Dis
                  | {rF+ rCorr Slay+2}
  7357 | D:9      | Reached skill level 4 in Unarmed Combat
  7361 | D:9      | Noticed Grum
  7366 | D:9      | Killed Grum
  7423 | D:9      | Lost mutation: Your body sometimes deteriorates upon taking
                  | damage. [potion of mutation]
  7423 | D:9      | Gained mutation: You have an increased reservoir of magic.
                  | (+10% MP) [potion of mutation]
  7423 | D:9      | Gained mutation: You sometimes lose the ability to read
                  | scrolls when taking damage. [potion of mutation]
  7423 | D:9      | Gained mutation: You are robust. (+10% HP) [potion of
                  | mutation]
  7684 | D:9      | Noticed Gastronok
  7698 | D:9      | HP: 7/74 [Gastronok/the air (29)]
  7700 | D:9      | Killed from afar by Gastronok

Vanquished Creatures
  Erolcha (D:9)
  Maggie (D:6)
  Sigmund (D:3)
  2 wyverns
  Grum (D:9)
  An acid dragon (D:8)
  Duvessa (D:6)
  3 black bears
  A sky beast (D:4)
  3 wolves (D:9)
  2 ogres (D:5)
  3 centaurs
  A phantom (D:6)
  3 bullfrogs (D:8)
  2 necrophages
  6 scorpions
  Dowan (D:6)
  5 killer bees (D:9)
  7 hounds
  A jelly (D:5)
  4 orc priests
  2 gnoll shamans (D:7)
  An iguana (D:4)
  8 orc wizards
  13 gnolls
  6 adders
  A shadow imp (D:7)
  A white imp (D:7)
  2 ufetubi (D:6)
  A worm (D:4)
  3 dart slugs
  35 orcs
  10 ball pythons
  13 endoplasms
  A giant cockroach (D:2)
  7 goblins
  7 hobgoblins
  4 jackals (D:3)
  12 kobolds
  A quokka (D:4)
  5 bats
  3 frilled lizards
  2 rats
188 creatures vanquished.

Vanquished Creatures (collateral kills)
  A boulder beetle (D:8)
  An orc warrior (D:8)
  An orc wizard (D:8)
  An orc (D:8)
4 creatures vanquished.

Vanquished Creatures (others)
  3 plants (D:1)
3 creatures vanquished.

Grand Total: 195 creatures vanquished

Table legend:
 A = Non-vault XP
 B = Vault XP
 C = Vault XP percentage of total XP
 D = Non-vault monster count
 E = Vault monster count
 F = Vault count percentage of total count
                 A         B        C        D         E       F
            +---------+---------+-------+---------+---------+-------
      Total |    5460 |    2230 |  29.0 |     172 |      20 |  10.4
            +---------+---------+-------+---------+---------+-------
        D:1 |      48 |       0 |   0.0 |      22 |       0 |   0.0
        D:2 |      47 |      17 |  26.6 |      19 |       4 |  17.4
        D:3 |     188 |     207 |  52.4 |      26 |       1 |   3.7
        D:4 |     550 |       4 |   0.7 |      29 |       2 |   6.5
        D:5 |     915 |       0 |   0.0 |      14 |       0 |   0.0
        D:6 |     573 |     602 |  51.2 |      14 |       8 |  36.4
        D:7 |     575 |       0 |   0.0 |      21 |       0 |   0.0
        D:8 |    1992 |       0 |   0.0 |      17 |       0 |   0.0
        D:9 |     572 |    1400 |  71.0 |      10 |       5 |  33.3
            +---------+---------+-------+---------+---------+-------

Illustrated notes

Table legend:
 A = Kills in this place as a percentage of kills in entire the game.
 B = Kills by you in this place as a percentage of kills by you in the entire game.
 C = Kills by friends in this place as a percentage of kills by friends in the entire game.
 D = Other kills in this place as a percentage of other kills in the entire game.
 E = Experience gained in this place as a percentage of experience gained in the entire game.
 F = Experience gained in this place divided by the number of levels of this place that you have seen.
                   A       B       C       D       E      F
               +-------+-------+-------+-------+-------+----------------------
         Total | 100.0 | 100.0 | 100.0 |   N/A | 100.0 | 854.4
       Dungeon | 100.0 | 100.0 | 100.0 |   N/A | 100.0 | 854.4
               +-------+-------+-------+-------+-------+----------------------

Table legend: (Time is in decaauts)
 A = Elapsed time spent in this place.
 B = Non-inter-level travel time spent in this place.
 C = Inter-level travel time spent in this place.
 D = Time resting spent in this place.
 E = Time spent auto-exploring this place.
 F = Levels seen in this place.
 G = Mean time per level.
                   A        B        C        D        E       F      G
               +--------+--------+--------+--------+--------+-----+--------+
         Total |  10004 |   9722 |    282 |    654 |   7301 |   9 | 1111.6 |
       Dungeon |  10004 |   9722 |    282 |    654 |   7301 |   9 | 1111.6 |
               +--------+--------+--------+--------+--------+-----+--------+

Top non-repeatable levels by time:
     D:4: 1541 daAuts
     D:5: 1398 daAuts
     D:6: 1361 daAuts
     D:3: 1334 daAuts
     D:7: 1252 daAuts
     D:1: 1080 daAuts
     D:8: 834 daAuts
     D:2: 617 daAuts
     D:9: 584 daAuts
